 Dungeon Crawl Stone Soup version 0.30-b1-2-g02819fbbbe (webtiles) character file.

Game seed: 17305393953681618324

82 night the Stinger (level 4, -3/26 HPs)
             Began as a Gargoyle Venom Mage on May 15, 2023.
             Splashed by a jelly's acid (9 damage)
             ... on level 2 of the Dungeon.
             The game lasted 00:05:43 (2093 turns).

night the Stinger (Gargoyle Venom Mage)             Turns: 2093, Time: 00:05:43

Health: -3/26      AC: -1    Str: 12    XL:     4   Next: 43%
Magic:  3/8        EV: 11    Int: 17    God:
Gold:   118        SH:  0    Dex: 10    Spells: 2/8 levels left

rFire   . . .        g - +0 mace
rCold   . . .        (no shield)
rNeg    + . .        a - +0 robe
rPois   ∞            (no helmet)
rElec   +            (no cloak)
rCorr   .            l - +0 pair of gloves
SInv    .            (no boots)
Will    .....        (no amulet)
Stlth   ++           (no ring)
HPRegen 0.24/turn    (no ring)
MPRegen 0.11/turn

%: no passive effects
@: corroded
A: sickness immunity, AC +3, negative energy resistance 1, electricity
resistance, torment resistance 1, petrification resistance
a: no special abilities


You were on level 2 of the Dungeon.
You visited 1 branch of the dungeon, and saw 2 of its levels.

You collected 118 gold pieces.

Inventory:

Hand Weapons
 c - a +0 club
 g - a +0 mace (weapon)
Missiles
 d - 9 javelins
Armour
 a - a +0 robe (worn)
 l - a +0 pair of gloves (worn)
Jewellery
 o - a ring of flight
Scrolls
 f - a scroll of teleportation
 i - 2 scrolls of identify
 j - a scroll of vulnerability {unknown}
 n - a scroll of magic mapping
Potions
 b - a potion of magic
 e - a potion of curing
 h - a potion of haste {unknown}
 k - a potion of invisibility {unknown}
 m - 2 potions of lignification {unknown}


   Skills:
 + Level 1.9 Fighting
 + Level 1.7 Maces & Flails
 - Level 1.5 Dodging
 - Level 2.1 Stealth
 + Level 2.7 Spellcasting
 - Level 0.7 Transmutations
 + Level 3.6 Poison Magic


You had 2 spell levels left.
You knew the following spells:

 Your Spells              Type           Power      Damage    Failure   Level
a - Sting                 Tmut/Pois      36%        1d4       8%          1
b - Poisonous Vapours     Pois/Air       16%        N/A       13%         2
c - Mephitic Cloud        Conj/Pois/Air  6%         N/A       32%         3

Your spell library contained the following spells:

 Spells                   Type           Power      Damage    Failure   Level
 Wereblood                Tmut           4%         N/A       21%         2
 Olgreb's Toxic Radiance  Pois           14%        N/A       38%         4
 Dazzling Flash           Conj/Hex       4%         N/A       47%         3
 Agony                    Necr           2%         N/A       99%         5
 Silence                  Hex/Air        1%         N/A       99%         5
 Summon Hydra             Summ           1%         N/A       100%        7
 Sublimation of Blood     Necr           Unusable   N/A       N/A         2

Dungeon Overview and Level Annotations

Branches:
Dungeon (2/15)

Altars:


Innate Abilities, Weirdness & Mutations

You are immune to sickness and miasma.
Your stone body is resilient. (AC +3)
You are immune to poison.
You resist negative energy. (rN+)
You are resistant to electric shocks. (rElec)
You are resistant to unholy torment.
You are immune to petrification.


Message History

Casting: Sting (safe; 8% risk of failure)
Confirm with . or Enter, or press ? or * to list all spells.
Aiming: Sting (safe; 8% risk of failure)
Press: ? - help, Shift-Dir - straight line, f/p - rat
Aim: a rat (68% to hit)
The sting hits the jelly.
The jelly is poisoned.
The jelly is lightly wounded.
The jelly closely misses you.
Casting: Sting (safe; 8% risk of failure)
Confirm with . or Enter, or press ? or * to list all spells.
Aiming: Sting (safe; 8% risk of failure)
Press: ? - help, Shift-Dir - straight line, f/p - rat
Aim: a rat (68% to hit)
The sting hits the jelly.
The jelly partially resists.
The jelly is lightly wounded.
The jelly hits you but does no damage.
Casting: Sting (safe; 8% risk of failure)
Confirm with . or Enter, or press ? or * to list all spells.
Aiming: Sting (safe; 8% risk of failure)
Press: ? - help, Shift-Dir - straight line, f/p - rat
Aim: a rat (68% to hit)
The sting hits the jelly.
The jelly partially resists.
The jelly looks even sicker.
The jelly is moderately wounded.
The jelly hits you but does no damage.
Casting: Sting (safe; 8% risk of failure)
Confirm with . or Enter, or press ? or * to list all spells.
Aiming: Sting (safe; 8% risk of failure)
Press: ? - help, Shift-Dir - straight line, f/p - rat
Aim: a rat (68% to hit)
The sting hits the jelly.
The jelly looks even sicker.
The jelly is moderately wounded.
The jelly hits you. The acid corrodes you!
You are splashed with acid!
The rat twitches its whiskers.
You hit the jelly but do no damage. The acid corrodes you!
Your hands burn!
The jelly is heavily wounded.
The jelly hits you.
You are splashed with acid.
The jelly hits you.
* * * LOW HITPOINT WARNING * * *
The acid corrodes you!
You are splashed with acid!
You die...

##..##.##................
#...#.#...#...........###
#.##.##..##.........###
#.#.#...###.........#
#.###..## #.....<...#
#.....#####.........#
####### #...........# #
####.###############
#rJ@.# #....... #
####.#### ##...###
#.#.#...# #.....##
#)#..#..# ######.###..#
#..###..# #......####.#
#..## #..##.........>..
#..# #..########..... #.#
#.# #..... #. .# #.....


You could see a jelly (very poisoned) and a rat.

Vanquished Creatures
  Jessica (D:2)
  An adder (D:2)
  8 endoplasms
  A giant cockroach (D:2)
  3 goblins (D:1)
  3 hobgoblins (D:2)
  3 quokkas
  5 ball pythons
  8 bats
  2 frilled lizards
  8 kobolds
  5 rats
48 creatures vanquished.

Notes
Turn   | Place    | Note
-------+----------+-------------------------------------------
     0 | D:1      | night the Gargoyle Venom Mage began the quest for the Orb.
     0 | D:1      | Reached XP level 1. HP: 10/10 MP: 3/3
   120 | D:1      | Reached XP level 2. HP: 16/16 MP: 3/5
   151 | D:1      | Learned a level 2 spell: Poisonous Vapours
   466 | D:1      | Reached skill level 1 in Fighting
   677 | D:1      | Reached skill level 1 in Maces & Flails
   982 | D:1      | Reached XP level 3. HP: 20/20 MP: 3/6
  1007 | D:1      | Found a faded altar of an unknown god.
  1222 | D:2      | Learned a level 3 spell: Mephitic Cloud
  1539 | D:2      | Noticed Jessica
  1565 | D:2      | Killed Jessica
  1566 | D:2      | Reached XP level 4. HP: 23/26 MP: 0/8
  2093 | D:2      | Splashed by a jelly's acid

Illustrated notes

Levels and vault maps discovered:
D:1:      minmay_arrival_five_plusses, layout_rooms, basic_ecumenical_altar,
          minmay_misc_feat_tower, kennysheep_boxes
D:2:      minmay_diamond_boxcup, layout_rooms, serial_park_tiny_pond,
          minmay_vboxes, uniq_jessica

Skill      XL: |  1  2 |
---------------+-------+-----
Fighting       | 1 |  1.9
Maces & Flails | 1 |  1.7
Dodging        | |  1.5
Stealth        | |  2.1
Spellcasting   | |  2.7
Transmutations | |  0.7
Poison Magic   | |  3.6

Action                     |  1- 3 |  4- 6 || total
---------------------------+-------+-------++-------
  Melee: Unarmed           |     3 |       ||     3
         Club              |     6 |       ||     6
         Mace              |    19 |    15 ||    34
         Punch             |       |     1 ||     1
   Cast: Sting             |    34 |    12 ||    46
         Poisonous Vapours |    23 |     4 ||    27
    Use: Scroll            |     3 |     1 ||     4
   Stab: Sleeping          |       |     1 ||     1
 Armour: Robe              |    20 |     8 ||    28
  Dodge: Dodged            |    26 |    13 ||    39
